 Dungeon Crawl Stone Soup version 0.29-a0-330-g52719c12eb (webtiles) character file.

Game seed: 3964550010204322683

543 Crownlay the Digger (level 7, -1/41 HPs)
             Began as an Octopode Earth Elementalist on May 9, 2022.
             Slain by Eustachio
             ... wielding a +0 falchion
              (11 damage)
             ... on level 4 of the Dungeon.
             The game lasted 00:07:09 (4300 turns).

Crownlay the Digger (Octopode Earth Elementalist)   Turns: 4300, Time: 00:07:10

Health: -1/41      AC:  1    Str: 14      XL:     7   Next: 27%
Magic:  0/12       EV: 17    Int: 19      God:
Gold:   112        SH:  0    Dex: 11 (12) Spells: 5/13 levels left

rFire   . . .      SeeInvis .   c - +0 short sword
rCold   . . .      Faith    .   (no shield)
rNeg    + + .      Spirit   +   (helmet restricted)
rPois   .          Reflect  .   h - amulet of guardian spirit
rElec   .          Harm     .   e - ring of wizardry
rCorr   .          Rampage  .   l - ring of positive energy
Will    .....                   n - +4 ring of evasion
Stlth   +++.......              v - ring of positive energy
HPRegen 0.13/turn               A - +6 ring of strength
MPRegen 0.13/turn               (no ring)
                                (no ring)
                                (no ring)

@: no status effects
A: almost no armour, amphibious, 8 rings, camouflage 1, gelatinous body 1,
(nimble swimmer 1), tentacles
a: no special abilities


You were on level 4 of the Dungeon.
You visited 1 branch of the dungeon, and saw 4 of its levels.

You collected 112 gold pieces.

Inventory:

Hand Weapons
 c - a +0 short sword (weapon)
Missiles
 a - 41 stones
 t - a throwing net
Jewellery
 e - a ring of wizardry (left tentacle)
 h - an amulet of guardian spirit (around mantle)
 l - a ring of positive energy (right tentacle)
 n - a +4 ring of evasion (on tentacle)
 v - a ring of positive energy (on tentacle)
 A - a +6 ring of strength (on tentacle)
Wands
 u - a wand of charming (7)
 y - a wand of flame (17)
Scrolls
 d - a scroll of noise
 f - 2 scrolls of amnesia
 i - a scroll of silence {unknown}
 o - a scroll of teleportation
 p - 2 scrolls of summoning
 q - a scroll of blinking {unknown}
 r - a scroll of enchant armour {unknown}
 s - 2 scrolls of enchant weapon
 w - a scroll of magic mapping {unknown}
 x - a scroll of vulnerability {unknown}
Potions
 b - a potion of magic
 g - a potion of flight {unknown}
 j - a potion of cancellation {unknown}
 k - 3 potions of curing {unknown}
 m - a potion of degeneration {unknown}
 z - a potion of mutation {unknown}


   Skills:
 - Level 2.0 Dodging
 - Level 2.6 Stealth
 + Level 3.8 Spellcasting
 + Level 3.4 Conjurations
 - Level 1.0 Transmutations
 * Level 6.1 Earth Magic


You had 5 spell levels left.
You knew the following spells:

 Your Spells              Type           Power      Damage    Failure   Level
a - Sandblast             Erth           54%        2d13      1%          1
b - Stone Arrow           Conj/Erth      42%        3d9       2%          3
c - Petrify               Tmut/Erth      17%        N/A       13%         4

Your spell library contained the following spells:

 Spells                   Type           Power      Damage    Failure   Level
 Passwall                 Tmut/Erth      14%        N/A       1%          2
 Animate Skeleton         Necr           6%         N/A       6%          1
 Apportation              Tloc           6%         N/A       6%          1
 Summon Small Mammal      Summ           12%        N/A       6%          1
 Ensorcelled Hibernation  Hex/Ice        6%         N/A       9%          2
 Gell's Gravitas          Tloc           3%         N/A       16%         3
 Lesser Beckoning         Tloc           3%         N/A       16%         3
 Swiftness                Air            3%         N/A       16%         3
 Teleport Other           Tloc           3%         N/A       16%         3


Dungeon Overview and Level Annotations

Branches:
Dungeon (4/15)
 Temple: D:4-7

Altars:
Hepliaklqana
Trog
Vehumet

Shops:
D:2 =   D:4 [

Annotations:
D:4 Eustachio


Innate Abilities, Weirdness & Mutations

You cannot wear most types of armour.
You are amphibious.
You can wear up to eight rings at the same time.
Your skin changes colour to match your surroundings (Stealth+).
Your rubbery body absorbs attacks. (AC +1, EV +1)
((You are camouflaged when in or above water. (Stealth+)))
You have tentacles for arms and can constrict up to eight enemies at once.


Message History

Eustachio casts a spell.
Casting: Stone Arrow (dangerous; 2% risk of failure)
Confirm with . or Enter, or press ? or * to list all spells.
Aiming: Stone Arrow (dangerous; 2% risk of failure)
Press: ? - help, Shift-Dir - straight line, f/p - Eustachio
Aim: Eustachio, wielding a +0 falchion and wearing a +0 leather armour (severely wounded, 60% to hit)
The stone arrow misses Eustachio.
Casting: Stone Arrow (dangerous; 2% risk of failure)
Confirm with . or Enter, or press ? or * to list all spells.
Aiming: Sandblast (safe; 1% risk of failure)
Press: ? - help, Shift-Dir - straight line, f/p - Eustachio
Aim: Eustachio, wielding a +0 falchion and wearing a +0 leather armour (severely wounded, 73% to hit)
The blast of sand misses Eustachio.
a - 43 stones
Casting: Sandblast (safe; 1% risk of failure)
Confirm with . or Enter, or press ? or * to list all spells.
Aiming: Sandblast (safe; 1% risk of failure)
Press: ? - help, Shift-Dir - straight line, f/p - Eustachio
Aim: Eustachio, wielding a +0 falchion and wearing a +0 leather armour (severely wounded, 73% to hit)
The blast of sand misses Eustachio.
a - 42 stones Eustachio says, "Summoning is fun!"
Casting: Sandblast (safe; 1% risk of failure)
Confirm with . or Enter, or press ? or * to list all spells.
Aiming: Sandblast (safe; 1% risk of failure)
Press: ? - help, Shift-Dir - straight line, f/p - Eustachio
Aim: Eustachio, wielding a +0 falchion and wearing a +0 leather armour (severely wounded, 73% to hit)
The blast of sand hits Eustachio.
Eustachio is almost dead.
a - 41 stones The rat bites you.
* * * LOW HITPOINT WARNING * * *
The bat barely misses you. Eustachio misses you.
You hit Eustachio but do no damage. You grab Eustachio.
Eustachio is almost dead.
You constrict Eustachio. The bat misses you.
The quokka twitches its whiskers.
The quokka completely misses you. The rat completely misses you.
Eustachio hits you with a +0 falchion!
You die...

.. ###........########
..................#
#######..........####'####
.......##......... #.#
.......##.........###.#
...............# ..##.#
...............# #.##)#
....∩..........###..#.#
..r@br.)...!...r@@..#.#
#####r..........#r#...#
#...........#b#...#
#...........#.#...#
#r..........#.#...##
#.)........##.##...##
#5.........#...#....#
..5.........#._.#...#.#
...########.#...#..#.#.#


You could see Eustachio, a quokka (summoned), a bat (summoned) and a rat
(summoned).

Vanquished Creatures
  Menkaure (D:4)
  A scorpion (D:4)
  A jelly (D:4)
  5 hounds (D:4)
  An iguana (D:4)
  4 gnolls
  4 adders
  A worm (D:2)
  2 dart slugs (D:3)
  3 orcs (D:4)
  10 endoplasms
  4 giant cockroaches
  8 goblins
  5 hobgoblins
  4 jackals
  7 kobolds
  10 ball pythons
  4 bats
  3 frilled lizards
  2 rats
  A spectral hobgoblin (D:3)
81 creatures vanquished.

Notes
Turn   | Place    | Note
-------+----------+-------------------------------------------
     0 | D:1      | Crownlay the Octopode Earth Elementalist began the quest
                  | for the Orb.
     0 | D:1      | Reached XP level 1. HP: 11/11 MP: 3/3
   230 | D:1      | Reached XP level 2. HP: 17/17 MP: 1/5
   348 | D:1      | Reached skill level 1 in Conjurations
   437 | D:1      | Reached XP level 3. HP: 21/21 MP: 4/6
   441 | D:1      | Learned a level 3 spell: Stone Arrow
  1748 | D:2      | Found Ebriall's Jewellery Shoppe.
  1755 | D:2      | Reached skill level 4 in Earth Magic
  1780 | D:2      | Reached XP level 4. HP: 27/27 MP: 7/7
  2340 | D:3      | Learned a level 4 spell: Petrify
  2359 | D:3      | Found a hazy altar of Hepliaklqana.
  3129 | D:3      | Reached XP level 5. HP: 29/31 MP: 9/9
  3539 | D:4      | Found a radiant altar of Vehumet.
  3619 | D:4      | Reached skill level 5 in Earth Magic
  3748 | D:4      | Reached XP level 6. HP: 27/36 MP: 7/10
  3896 | D:4      | Noticed Menkaure
  3901 | D:4      | Killed Menkaure
  3902 | D:4      | Reached XP level 7. HP: 22/41 MP: 7/12
  3995 | D:4      | Reached skill level 6 in Earth Magic
  4181 | D:4      | Found a bloodstained altar of Trog.
  4192 | D:4      | Found Mujetosh's Armour Shop.
  4206 | D:4      | Noticed Eustachio
  4300 | D:4      | Slain by Eustachio

Illustrated notes

Levels and vault maps discovered:
D:1:      lightli_arrival_statue_moat, layout_loops_cross, corner_web_ring,
          st_stairs_6
D:2:      wander_river, layout_basic, serial_shops, shop, grunt_decor_one_mirror
D:3:      layout_loops_ring, nicolae_hepliaklqana_monster_ancestors,
          uniq_crazy_yiuf_cottage
D:4:      minmay_inner_zag, layout_basic, kennysheep_mini,
          mainiacjoe_overflow_surrounded_room, fiery_altar_vehumet,
          serial_shops, shop, st_stairs_8, uniq_menkaure, uniq_eustachio

Skill      XL: |  1  2  3  4  5  6  7 |
---------------+----------------------+-----
Conjurations   | 1 2 3 |  3.4
Earth Magic    | 4 5 6 |  6.1
Spellcasting   | 3 |  3.8
Dodging        | |  2.0
Stealth        | |  2.6
Transmutations | |  1.0

Action                   |  1- 3 |  4- 6 |  7- 9 || total
-------------------------+-------+-------+-------++-------
Melee: Short sword       |    53 |    94 |    33 ||   180
       Constrict         |     8 |    19 |    10 ||    37
       Tentacles         |     7 |    22 |     9 ||    38
       Punch             |     1 |       |     1 ||     2
 Cast: Sandblast         |    11 |    15 |     7 ||    33
       Stone Arrow       |     3 |       |     4 ||     7
Evoke: Wand              |       |       |     3 ||     3
  Use: Scroll            |       |     5 |     1 ||     6
 Stab: Sleeping          |     8 |    11 |       ||    19
Armor: Skin              |     3 |     6 |     2 ||    11
Dodge: Dodged            |    31 |    72 |    58 ||   161

Table legend: (Time is in decaauts)
 A = Elapsed time spent in this place.
 B = Non-inter-level travel time spent in this place.
 C = Inter-level travel time spent in this place.
 D = Time resting spent in this place.
 E = Time spent auto-exploring this place.
 F = Levels seen in this place.
 G = Mean time per level.
                   A        B        C        D        E       F      G
               +--------+--------+--------+--------+--------+-----+--------+
         Total |   4314 |   4247 |     67 |      0 |   3554 |   4 | 1078.5 |
       Dungeon |   4314 |   4247 |     67 |      0 |   3554 |   4 | 1078.5 |
               +--------+--------+--------+--------+--------+-----+--------+

Top non-repeatable levels by time:
     D:1: 1182 daAuts
     D:3: 1114 daAuts
     D:2: 1095 daAuts
     D:4: 921 daAuts
